 Dungeon Crawl Stone Soup version 0.18-a0-1800-gdc7a371 (webtiles) character file.

128573 wvc the Fencer (level 16, -32/122 HPs)
             Began as a High Elf Gladiator on Apr 23, 2016.
             Was the Champion of Cheibriados.
             Annihilated by wvc's illusion (38 damage)
             ... woven by Mara
             ... on level 3 of the Snake Pit on Apr 24, 2016.
             The game lasted 01:18:57 (28005 turns).

wvc the Fencer (High Elf Gladiator)                Turns: 28005, Time: 01:18:59

Health: -32/122    AC: 16    Str: 34    XL:     16   Next: 48%
Magic:  29/29      EV: 40    Int: 33    God:    Cheibriados [******]
Gold:   1018       SH: 19    Dex: 38    Spells: 1 memorised, 23 levels left

rFire  + + +     SeeInvis .     q - +9 scimitar (distort)
rCold  . . .     Gourm    .     A - +4 troll leather armour
rNeg   . . .     Faith    .     X - +5 shield "Nag Zen" {rF++ Stlth+}
rPois  +         Spirit   .     o - +1 helmet
rElec  .         Dismiss  .     a - +0 cloak of Uwkirchuq {+Fly MR+}
rCorr  .         Reflect  .     r - +2 pair of gloves
SustAt .         Harm     .     (no boots)
MR     ++...                    D - amulet of regeneration
Stlth  +++++.....               O - ring of poison resistance
                                Z - +3 ring of evasion

@: mighty, agile, lethally poisoned (-32 -> -33), very slow, very resistant to
hostile enchantments, quite stealthy
A: talons 1, fire resistance 1
a: Bend Time, Temporal Distortion, Slouch, Step From Time, Renounce Religion,
Evoke Flight


You were on level 3 of the Snake Pit.
You worshipped Cheibriados.
Cheibriados was exalted by your worship.
You were full.

You visited 5 branches of the dungeon, and saw 29 of its levels.

You collected 2385 gold pieces.
You spent 1367 gold pieces at shops.

Inventory:

Hand Weapons
 b - a +4 great sword of holy wrath
 h - the +9 dagger of Gelig {pierce, +Blink}
   (You took it off an orc on level 7 of the Dungeon)

   It inflicts extra damage upon your enemies.
   It lets you blink.
 q - a +9 scimitar of distortion (weapon)
Missiles
 T - 3 throwing nets (quivered)
Armour
 a - the +0 cloak of Uwkirchuq (worn) {+Fly MR+}
   (You found it on level 8 of the Lair of Beasts)

   It affects your resistance to hostile enchantments.
   It lets you fly.
 o - a +1 helmet (worn)
 r - a +2 pair of gloves (worn)
 x - a +0 buckler
 A - a +4 troll leather armour (worn)
 X - the +5 shield "Nag Zen" (worn) {rF++ Stlth+}
   (You acquired it on level 2 of the Snake Pit)

   It greatly protects you from fire.
   It makes you more stealthy.
Jewellery
 n - an uncursed ring of see invisible
 t - an uncursed ring of protection from cold
 D - an amulet of regeneration (around neck)
 N - an uncursed ring of protection from fire
 O - a ring of poison resistance (right hand)
 Z - a +3 ring of evasion (left hand)
Wands
 u - a wand of heal wounds (4/9)
 v - a wand of teleportation (3/9)
 w - a wand of confusion (17/48)
 C - a wand of paralysis (9/24)
 S - a wand of lightning (0/15)
 W - a wand of disintegration (10/24)
Scrolls
 d - 6 scrolls of remove curse
 e - 7 scrolls of teleportation
 j - 12 scrolls of magic mapping
 l - 3 scrolls of fog
 m - 4 scrolls of blinking
 y - 5 scrolls of identify
 z - a scroll of fear
 E - a scroll of enchant armour
 G - 4 scrolls of amnesia
 K - 4 scrolls of immolation
 L - 3 scrolls of recharging
Potions
 c - 5 potions of flight
 k - 3 potions of resistance
 p - a potion of lignification
 s - 2 potions of agility
 F - 4 potions of brilliance
 H - 4 potions of might
 I - a potion of cancellation
 J - 3 potions of cure mutation
 P - 2 potions of ambrosia
 U - a potion of invisibility
 Y - 9 potions of curing
Miscellaneous
 i - a phial of floods
 Q - a lamp of fire
 R - a phantom mirror
Comestibles
 f - 8 bread rations
 g - 10 meat rations
 B - 2 chunks of flesh
 M - a beef jerky
 V - 12 fruits


   Skills:
 + Level 15.4 Fighting
 - Level 16.1 Long Blades
 - Level 2.0 Throwing
 + Level 7.7 Armour
 - Level 16.0 Dodging
 - Level 4.1 Shields
 * Level 8.7 Spellcasting
 * Level 9.4 Air Magic
 - Level 7.0 Invocations


You had 23 spell levels left.
You knew the following spells:

 Your Spells              Type           Power        Failure   Level  Hunger
a - Tornado               Air            ######....   100%        9    #######


Dungeon Overview and Level Annotations

Branches:
Dungeon (15/15)            Temple (1/1) D:6            Lair (8/8) D:8
 Shoals (0/4) Lair:6        Snake (3/4) Lair:3        Slime (0/6) Lair:7
    Orc (2/2) D:12            Elf (0/3) Orc:2        Depths (0/5) D:15
 Vaults: D:13-14

Altars:
Ashenzari
Cheibriados
Dithmenos
Elyvilon
Fedhas
Gozag
Kikubaaqudgha
Makhleb
Nemelex Xobeh
Okawaru
Pakellas
Qazlal
Ru
Sif Muna
Trog
Vehumet
Xom
Yredelemnul
Zin
The Shining One
Beogh
Jiyva

Shops:
D:4 ?   D:8 ?   D:9 (   D:12 [:!   Orc:2 :[}!

Annotations:
D:5 1 exclusion
D:13 exclusion: door
Lair:8 exclusion: oklob plant
Snake:3 Mara
Abyss:1 Donald, Josephine


Innate Abilities, Weirdness & Mutations

You have sharp toenails.
Your flesh is heat resistant.


Message History

Wvc's illusion is lightly wounded.
You feel sick. You block wvc's illusion's attack.
You barely miss wvc's illusion.
You claw wvc's illusion, but do no damage.
Wvc's illusion is lightly wounded.
Mara misses you. You block Mara's attack.
You closely miss wvc's illusion. Your kick misses wvc's illusion.
Wvc's illusion is lightly wounded.
You block wvc's illusion's attack. You block Mara's attack. x2
You hit wvc's illusion but do no damage.
Wvc's illusion looks slightly unstable.
Your kick misses wvc's illusion.
You feel sick. Wvc's illusion closely misses you.
You barely miss wvc's illusion. Your kick misses wvc's illusion.
Mara gestures at you. Pain shoots through your body!
* * * LOW HITPOINT WARNING * * *
Mara hits you from afar with a demon trident of venom!!
* * * LOW HITPOINT WARNING * * *
Mara misses you. Wvc's illusion hits you!!!
You die...

.# .# #.##
#..## ##..#
##...###
##<.R.R^##
##.#.#..@.##
##...###.@..##
#./.## ##..R.#
#.#.## ####..#
....# ..#
#....# .#
##... # ##. ##


You could see 3 Maras and wvc's illusion.

Vanquished Creatures
  Rupert (Lair:8)
  Maud (D:12)
  Louise (D:15)
  A stone giant (Orc:1)
  Nessos (Lair:5)
  A naga warrior (Snake:2)
  5 hydras
  2 anacondas (Snake:2)
  2 ogre magi (Orc:2)
  6 centaur warriors
  19 death yaks
  A deep troll shaman (Lair:8)
  6 shock serpents
  4 naga sharpshooters
  A tengu warrior (D:14)
  Nergalle (Orc:2)
  Sonja (D:13)
  3 skeletal warriors (D:15)
  A fire crab (Lair:8)
  An unseen horror (D:13)
  A naga ritualist (Snake:2)
  A mana viper (Snake:2)
  A lindwurm (Lair:8)
  7 hill giants
  5 orc knights
  7 ugly things
  A deep elf mage (D:15)
  A wolf spider zombie (D:15)
  10 orc sorcerers
  2 cyclopes
  2 manticores
  Joseph (D:7)
  7 salamanders
  18 elephants
  A guardian serpent (Snake:2)
  8 naga magi
  13 black mambas
  A gargoyle (D:14)
  16 spiny frogs
  3 rime drakes
  A komodo dragon (shapeshifter) (D:13)
  4 centaur skeletons
  A yaktaur (D:15)
  11 komodo dragons
  2 freezing wraiths (D:15)
  A harpy zombie (D:15)
  A tengu conjurer (D:14)
  9 trolls
  15 blink frogs
  2 polar bears (Lair:8)
  A harpy skeleton (D:13)
  2 two-headed ogres
  A snapping turtle (Lair:6)
  2 hornet zombies (D:15)
  A boulder beetle (Lair:7)
  A shadow (D:15)
  Eustachio (D:4)
  A wyvern (D:14)
  45 yaks
  3 wraiths (D:15)
  3 basilisks
  11 hippogriffs
  A mottled dragon (D:14)
  Menkaure (D:4)
  17 nagas
  3 wargs
  23 water moccasins
  A soldier ant (D:14)
  10 porcupines
  4 ice beasts
  2 phantoms
  5 sky beasts
  A wasp (D:12)
  10 ogres
  4 black bears
  A necrophage (D:7)
  20 orc warriors
  19 wolves
  18 centaurs
  10 crocodiles
  A big kobold (D:8)
  Blork the orc (D:4)
  27 giant frogs
  A wyvern skeleton (D:7)
  3 scorpions
  2 killer bees (D:7)
  3 wights (D:10)
  3 electric eels
  6 howler monkeys
  10 crimson imps
  A giant frog zombie (D:8)
  5 centaur zombies
  5 jellies
  8 hounds
  A quasit (D:10)
  13 orc priests
  4 giant frog skeletons
  Ijyb (D:3)
  37 orc wizards
  Natasha (twice) (D:4 D:5)
  6 iguanas
  9 worker ants
  23 sheep
  A hound skeleton (D:7)
  A mummy (D:15)
  2 worker ant zombies
  A howler monkey zombie (D:6)
  9 adders
  4 gnolls
  63 river rats
  3 shadow imps
  An ooze (D:2)
  An adder skeleton (D:6)
  2 worms
  2 dart slugs
  8 giant geckos
  86 orcs
  8 bats
  5 giant cockroaches
  6 goblins
  8 hobgoblins
  12 jackals
  6 quokkas
  A giant gecko skeleton (D:7)
  2 giant newts
  A jackal skeleton (D:4)
  21 kobolds
  A quokka skeleton (D:7)
  8 rats
  A butterfly (Lair:1)
870 creatures vanquished.

Vanquished Creatures (collateral kills)
  A catoblepas (Lair:8)
1 creature vanquished.

Vanquished Creatures (others)
  The ghost of ThereIsNoGod the Bludgeoner, an adept MiFi of Makhleb (Snake:2)
  A fire dragon (D:15)
  4 naga warriors
  An ice dragon (D:15)
  2 naga sharpshooters (Snake:2)
  2 skeletal warriors (D:15)
  An unseen horror (D:15)
  A wolf spider zombie (D:14)
  3 naga magi
  A guardian serpent (Snake:1)
  A black mamba (Snake:1)
  A troll (D:15)
  A two-headed ogre (shapeshifter) (D:14)
  A yak (D:14)
  An orc warrior (D:14)
  A wyvern simulacrum (D:14)
  An orc wizard (Orc:2)
  An orc (Orc:1)
  A bush (Lair:8)
  29 fungi
  16 plants
  4 toadstools (D:1)
  A withered plant (D:15)
76 creatures vanquished.

Grand Total: 947 creatures vanquished

Notes
Turn   | Place    | Note
--------------------------------------------------------------
     0 | D:1      | wvc the High Elf Gladiator began the quest for the Orb.
     0 | D:1      | Reached XP level 1. HP: 14/14 MP: 2/2
   138 | D:1      | Reached XP level 2. HP: 19/19 MP: 3/3
   607 | D:1      | Reached skill level 5 in Long Blades
   953 | D:2      | Reached XP level 3. HP: 22/24 MP: 4/4
  1855 | D:3      | Reached XP level 4. HP: 29/29 MP: 5/5
  2446 | D:3      | Reached XP level 5. HP: 29/34 MP: 6/6
  2516 | D:3      | Noticed Ijyb
  2528 | D:3      | Killed Ijyb
  2758 | D:4      | Noticed Menkaure
  2958 | D:4      | Killed Menkaure
  2958 | D:4      | Reached XP level 6. HP: 6/39 MP: 7/7
  3401 | D:4      | Noticed Natasha
  3409 | D:4      | Killed Natasha
  3628 | D:4      | Noticed Eustachio
  3649 | D:4      | Killed Eustachio
  3649 | D:4      | Reached skill level 10 in Long Blades
  3649 | D:4      | Reached XP level 7. HP: 27/45 MP: 8/8
  4218 | D:4      | Found Eqaaczes's Magic Scroll Boutique.
  4226 | D:4      | Bought a scroll of enchant armour for 90 gold pieces
  4226 | D:4      | Bought a scroll of enchant weapon for 90 gold pieces
  4444 | D:4      | Noticed Blork the orc
  4453 | D:4      | Killed Blork the orc
  4479 | D:5      | Entered Level 5 of the Dungeon
  4490 | D:5      | Noticed Natasha
  4502 | D:5      | Killed Natasha
  4658 | D:5      | Found a snail-covered altar of Cheibriados.
  4699 | D:5      | Reached XP level 8. HP: 44/50 MP: 9/9
  5169 | D:6      | Found a white marble altar of Elyvilon.
  5479 | D:6      | Found a staircase to the Ecumenical Temple.
  5491 | Temple   | Entered the Ecumenical Temple
  5637 | Temple   | Became a worshipper of Cheibriados the Contemplative
  6535 | D:7      | Noticed Prince Ribbit
  6672 | D:7      | Reached * piety under Cheibriados
  6844 | D:7      | Reached XP level 9. HP: 45/54 MP: 10/10
  6936 | D:7      | Noticed a cyclops
  7002 | D:7      | Found a sacrificial altar of Ru.
  7277 | D:7      | Noticed Joseph
  7310 | D:7      | Killed Joseph
  7310 | D:7      | Reached skill level 15 in Long Blades
  7470 | D:7      | Killed a cyclops
  7483 | D:7      | Noticed Prince Ribbit
  7483 | D:7      | Prince Ribbit changed into Prince Ribbit the two-headed ogre
  7495 | D:7      | Killed Prince Ribbit the two-headed ogre
  7501 | D:7      | Reached ** piety under Cheibriados
  7543 | D:7      | Got a fine dagger {pierce}
  7544 | D:7      | Identified the +9 dagger of Gelig {pierce, +Blink} (You took it off an orc on level 7 of the Dungeon)
  7718 | D:7      | Reached XP level 10. HP: 53/60 MP: 11/11
  7859 | D:8      | Reached skill level 1 in Armour
  7961 | D:8      | Found a radiant altar of Vehumet.
  7996 | D:8      | Found a glowing golden altar of the Shining One.
  8006 | D:8      | Reached *** piety under Cheibriados
  8083 | D:8      | Reached skill level 1 in Shields
  8188 | D:8      | Found Jerutyet's Magic Scroll Shop.
  8196 | D:8      | Bought a scroll of enchant weapon for 105 gold pieces
  8196 | D:8      | Bought a scroll of enchant armour for 105 gold pieces
  8196 | D:8      | Bought a scroll of identify for 28 gold pieces
  8257 | D:8      | Found a staircase to the Lair.
  8347 | D:9      | Reached skill level 5 in Dodging
  8521 | D:9      | Found Fooh's Antique Weapon Boutique.
  8614 | D:9      | Found a shadowy altar of Dithmenos.
  8633 | D:9      | Gained mutation: Your flesh is heat resistant. [potion of beneficial mutation]
  8996 | D:10     | Entered Level 10 of the Dungeon
  9072 | D:10     | Noticed a hill giant
  9082 | D:10     | Killed a hill giant
  9099 | D:10     | Reached **** piety under Cheibriados
  9245 | Lair:1   | Entered Level 1 of the Lair of Beasts
  9247 | Lair:1   | Noticed a spiny frog
  9254 | Lair:1   | Killed a spiny frog
  9391 | Lair:1   | Learned a level 1 spell: Animate Skeleton
  9396 | Lair:1   | Learned a level 4 spell: Animate Dead
  9437 | Lair:1   | Reached XP level 11. HP: 50/70 MP: 12/12
  9542 | Lair:1   | Reached skill level 5 in Fighting
  9552 | Lair:1   | Reached ***** piety under Cheibriados
  9565 | Lair:1   | Reached skill level 1 in Spellcasting
  9580 | Lair:1   | Noticed a four-headed hydra
  9595 | Lair:1   | Killed a four-headed hydra
  9595 | Lair:1   | Reached skill level 1 in Invocations
 10577 | Lair:2   | Reached skill level 10 in Dodging
 11025 | Lair:3   | Noticed a five-headed hydra
 11037 | Lair:3   | Killed a five-headed hydra
 11087 | Lair:3   | Reached XP level 12. HP: 46/80 MP: 16/16
 11127 | Lair:3   | Reached ****** piety under Cheibriados
 11209 | Lair:3   | Found a staircase to the Snake Pit.
 11471 | Lair:3   | Got a jewelled leather armour
 11488 | Lair:3   | Identified the +4 leather armour "Plog" {*Contam rC++ Str+8 Int-5} (You found it on level 3 of the Lair of Beasts)
 12206 | Lair:4   | Reached skill level 5 in Invocations
 12299 | Lair:4   | Noticed a death yak
 12299 | Lair:4   | Noticed a death yak
 12300 | Lair:4   | Noticed a death yak
 12301 | Lair:4   | Noticed a death yak
 12318 | Lair:4   | Killed a death yak
 12335 | Lair:4   | Killed a death yak
 12350 | Lair:4   | Killed a death yak
 12350 | Lair:4   | Reached skill level 5 in Armour
 12367 | Lair:4   | Killed a death yak
 12702 | Lair:4   | Noticed a death yak
 12702 | Lair:4   | Noticed a death yak
 12711 | Lair:4   | Noticed a death yak
 12722 | Lair:4   | Noticed a death yak
 12723 | Lair:4   | Noticed a death yak
 12724 | Lair:4   | Killed a death yak
 12732 | Lair:4   | Noticed a death yak
 12745 | Lair:4   | Killed a death yak
 12762 | Lair:4   | Killed a death yak
 12792 | Lair:4   | Killed a death yak
 12815 | Lair:4   | Killed a death yak
 12837 | Lair:4   | Killed a death yak
 12837 | Lair:4   | Reached XP level 13. HP: 46/88 MP: 18/18
 13433 | Lair:5   | Got a twisted robe
 13487 | Lair:5   | Noticed Nessos
 13878 | Lair:5   | Killed Nessos
 14358 | Lair:6   | Found a staircase to the Shoals.
 15951 | Lair:7   | Found a viscous altar of Jiyva.
 15952 | Lair:7   | Found a staircase to the Slime Pits.
 16506 | Lair:8   | Entered Level 8 of the Lair of Beasts
 16595 | Lair:8   | Got an encrusted cloak
 16607 | Lair:8   | Identified the cursed +0 cloak of Uwkirchuq {+Fly MR+} (You found it on level 8 of the Lair of Beasts)
 16767 | Lair:8   | Noticed Rupert
 16914 | Lair:8   | Reached skill level 10 in Fighting
 16943 | Lair:8   | Reached skill level 15 in Dodging
 17211 | Lair:8   | Reached XP level 14. HP: 99/99 MP: 20/20
 17261 | Lair:8   | Killed Rupert
 17670 | Lair:8   | Learned a level 9 spell: Tornado
 17921 | Lair:8   | Reached skill level 1 in Air Magic
 18403 | Lair:8   | Identified the +1 robe of the Guilds {rPois} (You found it on level 5 of the Lair of Beasts)
 19164 | D:11     | Learned a level 3 spell: Tukima's Dance
 19322 | D:11     | Found a blossoming altar of Fedhas.
 19751 | D:12     | Reached skill level 5 in Air Magic
 19885 | D:12     | Noticed Maud
 19929 | D:12     | Killed Maud
 19929 | D:12     | Reached skill level 5 in Spellcasting
 20046 | D:12     | Found Jogimit's Distillery.
 20065 | D:12     | Bought a potion of might for 68 gold pieces
 20065 | D:12     | Bought a potion of heal wounds for 85 gold pieces
 20065 | D:12     | Bought a potion of might for 68 gold pieces
 20065 | D:12     | Bought a potion of might for 68 gold pieces
 20162 | D:12     | Identified a scroll of acquirement
 20218 | D:12     | Found Peugg's Antique Armour Shoppe.
 20280 | D:12     | Found Suwnegot's Book Shoppe.
 20300 | D:12     | Found a staircase to the Orcish Mines.
 20698 | Orc:1    | Entered Level 1 of the Orcish Mines
 20980 | Orc:1    | Noticed a stone giant
 21010 | Orc:1    | Killed a stone giant
 21156 | Orc:2    | Entered Level 2 of the Orcish Mines
 21498 | Orc:2    | Found a roughly hewn altar of Beogh.
 21571 | Orc:2    | Found a staircase to the Elven Halls.
 21694 | Orc:2    | Reached XP level 15. HP: 108/108 MP: 19/24
 21704 | Orc:2    | Found Quofag's Distillery.
 21743 | Orc:2    | Bought a potion of heal wounds for 75 gold pieces
 21745 | Orc:2    | Bought a potion of beneficial mutation for 525 gold pieces
 21745 | Orc:2    | Bought a potion of agility for 60 gold pieces
 21759 | Orc:2    | Found a radiant altar of Vehumet.
 21803 | Orc:2    | Found Pokloon's Antique Armour Emporium.
 21855 | Orc:2    | Found an ancient bone altar of Kikubaaqudgha.
 21856 | Orc:2    | Noticed Nergalle
 21911 | Orc:2    | Killed Nergalle
 21970 | Orc:2    | Found a roughly hewn altar of Beogh.
 21970 | Orc:2    | Found Seuseh's Book Shoppe.
 22005 | Orc:2    | Found Veuni's Gadget Shoppe.
 22176 | Orc:2    | Found a roughly hewn altar of Beogh.
 22665 | D:13     | Noticed Sonja
 22681 | D:13     | Killed Sonja
 24147 | D:15     | Entered Level 15 of the Dungeon
 24330 | D:15     | Noticed Louise
 24416 | D:15     | Noticed Josephine
 24431 | D:15     | Banished Josephine
 24743 | D:15     | Killed Louise
 24829 | D:15     | Found a staircase to the Depths.
 25271 | Snake:1  | Entered Level 1 of the Snake Pit
 25433 | Snake:1  | Reached XP level 16. HP: 119/119 MP: 28/28
 26308 | Snake:1  | Gained mutation: You have sharp toenails. [potion of beneficial mutation]
 26388 | Snake:2  | HP: 3/120 [naga sharpshooter/uncursed dire flail (13)]
 26802 | Snake:2  | Noticed ThereIsNoGod's ghost (adept MiFi)
 26820 | Snake:2  | HP: 4/120 [naga sharpshooter/bolt (31)]
 26914 | Snake:2  | Banished ThereIsNoGod's ghost
 26947 | Snake:2  | Noticed Donald
 26977 | Snake:2  | Reached skill level 15 in Fighting
 27188 | Snake:2  | Got a distressingly furry shield
 27199 | Snake:2  | Identified the +5 shield "Nag Zen" {rF++ Stlth+} (You acquired it on level 2 of the Snake Pit)
 27601 | Snake:2  | Banished Donald
 27856 | Snake:3  | Noticed Mara
 27865 | Snake:3  | Noticed wvc's illusion
 27924 | Snake:2  | Upgraded the game from 0.18-a0-1799-g6250cb2 to 0.18-a0-1800-gdc7a371
 27996 | Snake:3  | Noticed wvc's illusion
 28005 | Snake:3  | HP: 6/122 [Mara/demon trident of venom (23)]
 28005 | Snake:3  | Annihilated by wvc's illusion

Vault maps used:
D:1:      ldierk_water_garden, hangedman_decor_clover_reticule,
          monster_avoids_cloud
D:2:      kennysheep_six_static_rooms
D:3:      uniq_iyjb
D:4:      serial_shops, shop, uniq_eustachio, uniq_menkaure, uniq_blork_the_orc,
          uniq_natasha
D:5:      first_bread, hex_medium, lemuel_statue_altar, uniq_crazy_yiuf_cottage
D:6:      elyvilon_altar_5, serial_park_tiny_1
D:7:      kennysheep_mini_moat, hangedman_minor_gate_pass, uniq_prince_ribbit1,
          uniq_joseph
D:8:      grunt_temple_overflow_open, lair_0_dummy, serial_shops,
          kennysheep_mini
D:9:      serial_shops, nicolae_shop_behind_doors, basic_altar
D:11:     serial_column_ruins, column_ruins_hut_ruined, column_ruins_grid_1,
          column_ruins_columns_corner, column_ruins_grid_1,
          column_ruins_open_tiny, column_ruins_open_medium,
          hangedman_tree_tricks
D:12:     orc_0_dummy, serial_shops, shop, shop, nicolae_shop_statue_plus,
          roderic_aztec_sauvastika, uniq_maud
D:13:     grunt_vaults_entry_fortified, hangedman_corner_corridor, uniq_sonja
D:15:     grunt_enter_depths_hoard, minmay_misc_feat_nine_boxes, serial_undead,
          serial_undead_d, serial_undead_c, serial_undead_b, serial_undead_e,
          uniq_louise, uniq_josephine
Temple:   nicolae_temple_elliptical
Lair:1:   lemuel_fruit_fields, infiniplex_staircase_pool_2
Lair:3:   minmay_snake_entry_guardpost_medium, portal_ice_cave_entry_pillars_03,
          serial_bayou_ford_a, minivault_25, st_stairs_6
Lair:4:   st_stairs_8
Lair:5:   st_stairs_4, fungi_pond_lemuel, minivault_19,
          grunt_forest_large_clearings, uniq_nessos
Lair:6:   minmay_shoals_entry_hut
Lair:7:   dpeg_slime_entry_enclosed_altar, infiniplex_staircase_pool,
          serial_bayou_shore_b
Lair:8:   grunt_lair_end_beastmaster, uniq_rupert
Snake:2:  grunt_megastairs_2, uniq_donald
Snake:3:  uniq_aizul, uniq_mara, uniq_vashnia, uniq_asterion
Orc:2:    kennysheep_orc_mage_school, basic_altar, mines1_david

Skill      XL: |  1  2  3  4  5  6  7  8  9 10 11 12 13 14 15 16 |
---------------+-------------------------------------------------+-----
Long Blades    | 4 5 7 8 10 11 13 16 | 16.1
Armour         | 3 4 5 6 7 |  7.7
Dodging        | 7 10 12 15 16 | 16.0
Shields        | 2 4 |  4.1
Fighting       | 4 6 8 10 12 14 15 | 15.4
Spellcasting   | 2 5 7 8 |  8.7
Invocations    | 4 6 7 |  7.0
Air Magic      | 6 8 9 |  9.4
Throwing       | |  2.0

Action                   |  1- 3 |  4- 6 |  7- 9 | 10-12 | 13-15 | 16-18 || total
-------------------------+-------+-------+-------+-------+-------+-------++-------
Melee: Long sword        |   142 |   154 |   416 |       |       |       ||   712
       Dagger            |       |       |    15 |   951 |  2036 |       ||  3002
       Scimitar          |       |       |       |       |   379 |   321 ||   700
       Kick              |       |       |       |       |       |   124 ||   124
Throw: Throwing net      |       |     4 |     1 |       |       |       ||     5
 Cast: Tukima's Dance    |       |       |       |       |     4 |       ||     4
Invok: Slouch            |       |       |       |       |    19 |       ||    19
Evoke: Wand              |       |     2 |     6 |     2 |    16 |     5 ||    31
       Lamp of fire      |       |       |       |       |     1 |       ||     1
       Phial of floods   |       |       |       |       |     1 |       ||     1
  Use: Scroll            |       |    12 |     6 |     7 |    33 |     2 ||    60
       Potion            |       |       |     8 |     5 |     7 |     5 ||    25
 Stab: Sleeping          |     1 |       |     1 |     9 |    17 |     3 ||    31
       Held in net/web   |       |     2 |       |       |       |       ||     2
       Distracted        |       |       |     1 |     2 |     7 |     2 ||    12
       Confused          |       |       |       |       |     2 |       ||     2
       Petrified         |       |       |       |       |     1 |       ||     1
  Eat: Chunk             |     3 |     4 |     8 |     2 |    11 |       ||    28
       Beef jerky        |       |     2 |     1 |     2 |     1 |       ||     6
       Royal jelly       |       |     1 |       |     1 |       |       ||     2
       Bread ration      |       |       |       |     1 |       |       ||     1
       Pizza             |       |       |       |     1 |       |       ||     1
       Fruit             |       |       |       |       |    21 |     9 ||    30
Armor: Leather armour    |    36 |       |   116 |    68 |    89 |       ||   309
       Ring mail         |    10 |    70 |    10 |       |       |       ||    90
       Troll leather arm |       |       |       |       |   121 |    26 ||   147
       Robe              |       |       |       |       |     4 |       ||     4
Dodge: Dodged            |   105 |   104 |   192 |   505 |  2181 |   299 ||  3386
Block: Shield            |    15 |       |       |       |       |   118 ||   133
       Buckler           |       |    33 |    57 |   184 |   646 |    80 ||  1000
       Large shield      |       |       |       |       |    24 |       ||    24
